Unix NetHack Version 5.0.0-0 post-release - last build Jun 10 2026 00:39:30 (3ee93aec679c4c4259841fe613dc97188e26a321,branch:main).

Game began 2026-07-01 16:15:59, ended 2026-07-01 17:46:08.

DiePARTEI, neutral female human Tourist

                          --------------------------
                          |>....[.^.........u......|
                          |.....[.----------------.|
                          -------.------         |@|
                           |...........|         |T|
                           |0.........0|         |.|
                          --------)----|         |)|
                          |............|         |)|
                          |.........[..|         |)|
                          -----.--------   ------|%|
                           |....[f....|  --|$$@$o|.|
                           |..........|  |.+$$$T:|.|
                           |.........--  |-|$s:nn|f|
                          -------.----   |.+S.maY$.|
                          |........|     |-|$$$$.|--
                          |........|     |.+m$$.$|
                          |...------     --|$$$$.|
                          -----            -------
DiePARTEI the Excursionist  St:16 Dx:13 Co:25 In:18 Wi:7 Ch:13  Neutral
Dlvl:2  $:60 HP:0(76) Pw:23(37) AC:-2 Xp:8 T:17667  Burdened Blind

Latest messages:
 You kill the hill orc!
 The hill orc hits!
 You hit the hill orc.
 The hill orc hits!
 You kill the hill orc!
 You kill the hill orc!
 You try to feel what is lying here on the floor.
 There are several objects here.
 You try to feel what is lying here on the floor.
 You are in full health.
 You try to feel what is lying here on the floor.
 There are several objects here.
 Click!  You trigger a rolling boulder trap!
 No boulder was released.
 You swap places with the peaceful gray unicorn.
 You hit the troll.
 The troll hits!
 The troll hits!
 The troll bites!
 You hit the troll.
 The troll hits!
 The troll misses!
 The troll bites!
 You hit the troll.
 The troll misses!
 The troll hits!
 The troll misses!
 In what direction? 2
 The dart hits the troll.
 The troll hits!
 The troll hits!
 The troll bites!
 The troll hits!
 The troll hits!
 The troll misses!
 What do you want to use or apply? [bkmnsuxFGILTWZ or ?*] m
 In what direction? 2
 The troll misses!
 The troll hits!
 The troll bites!
 What do you want to write with? [- a-cfhjptuwxABDEG-MOQUVYZ or ?*] -
 You write in the dust with your fingertip.
 What do you want to write in the dust here? Elbereth
 The troll hits!
 You die...
 Do you want your possessions identified? [ynq] (y) y
 Do you want to see your attributes? [ynq] (y) y
 Do you want an account of creatures vanquished? [ynaq] (y) y
 Do you want to see your conduct and achievements? [ynq] (y) y
 Do you want to see the dungeon overview? [ynq] (y) y

Inventory:
 Coins    ('$')
  $ - 60 gold pieces
 Weapons  (')')
  a - 5 +2 darts
  f - 25 +0 darts (at the ready)
  j - a cursed -1 dart
  H - the rustproof +4 Ogresmasher (weapon in left hand)
  Q - the rustproof +2 Trollsbane
 Armor    ('[')
  P - an uncursed +0 dwarvish iron helm (being worn)
  g - a blessed +2 pair of leather gloves (being worn)
  C - an uncursed +0 pair of high boots (being worn)
  S - an uncursed +0 dwarvish cloak (being worn)
  R - an uncursed +0 mummy wrapping
  l - an uncursed +0 Hawaiian shirt with a giant eel motif (being worn)
  y - an uncursed +1 scale mail (being worn)
 Comestibles  ('%')
  N - an uncursed carrot
  d - 2 uncursed cram rations
  r - 10 uncursed food rations
  X - 3 uncursed food rations
  z - an uncursed lembas wafer
  e - 5 uncursed tripe rations
  i - an uncursed lizard corpse
 Spellbooks  ('+')
  W - an uncursed spellbook of healing
 Rings    ('=')
  K - an uncursed +1 ring of increase accuracy
  O - a cursed -1 ring of increase damage
  Y - a cursed ring of polymorph
  p - an uncursed ring of stealth
  D - a cursed ring of teleportation
  c - a cursed ring of warning
 Wands    ('/')
  b - a wand of cancellation (0:4)
  u - a wand of digging (0:7)
  G - a wand of locking (0:2)
  Z - a wand of magic missile (0:3)
  x - a wand of undead turning (0:6)
 Tools    ('(')
  s - an uncursed sack containing 13 items
  F - an uncursed tooled horn
  k - an uncursed blindfold
  n - an uncursed credit card
  m - an expensive camera (0:91)
  T - a +0 pick-axe (alternate weapon; not wielded)
 Gems/Stones  ('*')
  w - 2 uncursed diamonds
  h - an uncursed garnet stone
  A - an uncursed obsidian stone
  J - an uncursed worthless piece of black glass
  M - an uncursed worthless piece of black glass
  t - an uncursed worthless piece of blue glass
  V - 2 uncursed worthless pieces of green glass
  E - 2 uncursed worthless pieces of orange glass
  B - 2 uncursed worthless pieces of violet glass
  U - 2 uncursed worthless pieces of white glass
  L - an uncursed luckstone
  I - an uncursed touchstone

Contents of the sack:
  553 gold pieces
  a blessed scroll of confuse monster
  2 uncursed scrolls of create monster
  a blessed scroll of earth
  an uncursed scroll of earth
  a blessed scroll of enchant weapon
  an uncursed scroll of enchant weapon
  an uncursed scroll of gold detection
  an uncursed scroll of light
  a cursed potion of fruit juice
  a blessed potion of healing
  an uncursed potion of object detection
  an uncursed potion of water

DiePARTEI the Tourist's attributes:

Background:
 You were an Excursionist, a level 8 female human Tourist.
 You were neutral, on a mission for The Lady
 who was opposed by Blind Io (lawful) and Offler (chaotic).
 You were left-handed.
 You were in Sokoban, on level 2.
 You entered the dungeon 17667 turns ago.
 There was a full moon in effect when your adventure ended.
 You had 2021 experience points, 539 more were needed to attain level 9.

Basics:
 You had 0 out of 76 hit points.
 You had 23 out of 37 energy points (spell power).
 Your armor class was -2.
 Your wallet contained 60 zorkmids, and
 you had 553 more stashed away in your pack.
 Autopickup was off.

Final Characteristics:
 Your strength was 16 (limit:18/100).
 Your dexterity was 13 (limit:18).
 Your constitution was 25 (base:16, peak:17, innate limit:18).
 Your intelligence was 18 (limit:18).
 Your wisdom was 7 (limit:18).
 Your charisma was 13 (limit:18).

Final Status:
 You were temporarily blind.
 You weren't hungry.
 You were burdened; movement was slightly slowed.
 You were wielding a hammer.
 You had basic skill with hammer.

Final Attributes:
 You were piously aligned.
 Your items were somewhat protected from fire.
 Your items were somewhat protected from cold.
 You were telepathic.
 You were warded.
 Your spell casting was impaired by metallic armor.
 You were fast.
 You were lucky.
 You had extra luck.
 Bad luck did not time out for you.
 Good luck did not time out for you.
 You are dead.

Miscellaneous:
 You didn't encounter any bones levels.
 Total elapsed playing time was 1 hour, 30 minutes and 9 seconds.

Major events:
 Turn
    1: DiePARTEI the neutral female human Tourist entered the dungeon
 1125: attained the rank of Sightseer (level 3)
 2051: was bestowed with Ogresmasher by The Lady
 3704: was bestowed with Trollsbane by The Lady
 6911: attained the rank of Excursionist (level 6)
 7115: entered the Gnomish Mines
14216: reached Mine Town
15363: entered Sokoban
15641: completed 1st Sokoban level
15933: completed 2nd Sokoban level
16439: completed 3rd Sokoban level
17247: completed 4th Sokoban level
17667: killed by a troll

Spells:
 Name                 Level Category     Fail Retention
 healing                1   healing      100%   26%-50%
 wizard lock            2   matter       100%  76%-100%

Skills:
 Fighting Skills
   bare handed combat [Skilled]
   two weapon combat  [Unskilled]
   riding             [Unskilled]
 Weapon Skills
   dagger             [Unskilled]
   knife              [Unskilled]
   axe                [Unskilled]
   pick-axe           [Unskilled]
   short sword        [Unskilled]
   broadsword         [Unskilled]
   long sword         [Unskilled]
   two-handed sword   [Unskilled]
   saber              [Unskilled]
   mace               [Unskilled]
   morning star       [Unskilled]
   flail              [Unskilled]
   hammer             [Basic]
   quarterstaff       [Unskilled]
   polearms           [Unskilled]
   spear              [Unskilled]
   trident            [Unskilled]
   lance              [Unskilled]
   bow                [Unskilled]
   sling              [Unskilled]
   crossbow           [Unskilled]
   dart               [Skilled]
   shuriken           [Unskilled]
   boomerang          [Unskilled]
   whip               [Unskilled]
   unicorn horn       [Unskilled]
 Spellcasting Skills
   divination spells  [Unskilled]
   enchantment spells [Unskilled]
   escape spells      [Unskilled]

Voluntary challenges:
 Character rerolling was not enabled.
 You never genocided any monsters.
 You never polymorphed an object.
 You never changed form.
 You used no wishes.
 You violated the special Sokoban rules once.
Achievements:
 You attained the rank of Sightseer.
 You entered a shop.
 You attained the rank of Excursionist.
 You entered the Gnomish Mines.
 You entered Minetown.
 You entered a temple.
 You entered Sokoban.

 The Dungeons of Doom: levels 1 to 6
    Level 1:
       An altar to The Lady, a fountain, a grave.
    Level 2:
       A scroll shop, a fountain.
    Level 3:
    Level 4:
       A food shop, a fountain.
       Stairs down to The Gnomish Mines.
    Level 5:
    Level 6:
       A fountain.
       Stairs up to Sokoban, level 5.
 The Gnomish Mines: levels 5 to 9
    Level 5:
    Level 6:
    Level 7:
    Level 8:
       Many shops, a temple and an altar to The Lady, some fountains.
    Level 9:
 Sokoban: levels 5 up to 2
    Level 2: <- You were here.
       Solved.
       Final resting place for
          you, killed by a troll.
    Level 3:
       Solved.
    Level 4:
       Solved.
    Level 5:
       Solved.


Vanquished creatures:
  a giant mimic
  a large mimic
  2 small mimics
  a xan
 an ogre leader
  a tiger
  a gargoyle
 an ochre jelly
  a human mummy
  a wraith
 an ettin zombie
  a Grey-elf
  a panther
  a gremlin
  a forest centaur
  a gnome ruler
  2 brown puddings
  2 yetis
  a gold golem
  a Green-elf
  a lizard
  a dust vortex
  a raven
  a gnome mummy
 an ape
  a Woodland-elf
  a quasit
  2 wood nymphs
  a mountain nymph
  a rock piercer
  a rock mole
  2 fog clouds
  2 yellow lights
  7 shriekers
  a violet fungus
 10 gnome leaders
  3 gnomish wizards
  a kobold mummy
  a gray ooze
  9 giant ants
  7 floating eyes
  a kitten
 12 dwarves
  6 homunculi
  4 kobold leaders
  9 hill orcs
  7 rothes
  2 rabid rats
  7 giant bats
  5 orc zombies
  a dwarf zombie
  5 iguanas
  2 acid blobs
  6 coyotes
  2 gas spores
  7 hobbits
  6 manes
  2 large kobolds
  3 hobgoblins
  9 giant rats
 10 cave spiders
  2 brown molds
  a yellow mold
  a red mold
 41 gnomes
  3 garter snakes
  5 gnome zombies
  9 geckos
 14 jackals
  5 foxes
  2 kobolds
  8 goblins
  7 sewer rats
 15 grid bugs
  3 bats
 15 lichens
  7 kobold zombies
 14 newts
336 creatures vanquished.

No species were genocided or became extinct.

Game over:
                       ----------
                      /          \
                     /    REST    \
                    /      IN      \
                   /     PEACE      \
                  /                  \
                  |    DiePARTEI     |
                  |      613 Au      |
                  |   killed by a    |
                  |      troll       |
                  |                  |
                  |                  |
                  |       2026       |
                 *|     *  *  *      | *
        _________)/\\_//(\/(/\)/\//\/|_)_______

Aloha DiePARTEI the Tourist...

You died in Sokoban on dungeon level 2 with 14760 points,
and 613 pieces of gold, after 17667 moves.
You were level 8 with a maximum of 76 hit points when you died.

